 Dungeon Crawl Stone Soup version 0.28.0-47-ge53b351184 (webtiles) character file.

Game seed: 5478896453059237336

732 101zpm the Magician (level 8, -4/51 HPs)
             Began as a Djinni Fire Elementalist on May 10, 2022.
             Splashed by a jelly's acid (8 damage)
             ... on level 5 of the Dungeon.
             The game lasted 00:07:52 (4146 turns).

101zpm the Magician (Djinni Fire Elementalist)      Turns: 4146, Time: 00:07:53

Health: -4/51      AC:  2    Str:  7    XL:     8   Next: 3%
Gold:   65         EV: 12    Int: 19    God:
                   SH:  0    Dex: 14

rFire   + + .      SeeInvis .   (no weapon)
rCold   x . .      Faith    .   (no shield)
rNeg    . . .      Spirit   .   a - +0 robe
rPois   ∞          Reflect  .   (no helmet)
rElec   .          Harm     .   (no cloak)
rCorr   .          Rampage  .   (no gloves)
Will    .....                   (boots unavailable)
Stlth   ++........              e - amulet of the acrobat
HPRegen 0.17/turn               (no ring)
MPRegen 0.00/turn               (no ring)

@: flying
A: sickness immunity, fire resistance 2, cold vulnerability 1, float, innate
caster, HP casting, extra vitality 1
a: no special abilities


You were on level 5 of the Dungeon.
You visited 1 branch of the dungeon, and saw 5 of its levels.

You collected 65 gold pieces.

Inventory:

Missiles
 m - 2 throwing nets
Armour
 a - a +0 robe (worn)
Jewellery
 d - a ring of resist corrosion
 e - an amulet of the acrobat (around neck)
Scrolls
 b - 5 scrolls of identify {unknown}
 g - a scroll of fear {unknown}
 h - a scroll of vulnerability {unknown}
 k - a scroll of blinking {unknown}
Potions
 c - 2 potions of berserk rage {unknown}
 f - 2 potions of curing {unknown}
 i - a potion of flight {unknown}
 j - a potion of degeneration {unknown}
 l - a potion of heal wounds {unknown}


   Skills:
 + Level 0.5 Fighting
 + Level 2.7 Dodging
 + Level 2.2 Stealth
 + Level 6.5 Spellcasting


You had one spell level left.
You knew the following spells:

 Your Spells              Type           Power      Damage    Failure   Level
a - Foxfire               Conj/Fire      100%       2x1d9     1%          1
b - Scorch                Fire           60%        2d8       1%          2
c - Conjure Flame         Conj/Fire      30%        6-21      2%          3
d - Inner Flame           Hex/Fire       30%        N/A       2%          3
e - Flame Wave            Conj/Fire      30%        2d8       8%          4
f - Freeze                Ice            100%       1d11      1%          1
g - Poisonous Vapours     Pois/Air       60%        N/A       1%          2
h - Confusing Touch       Hex            30%        N/A       2%          3
Your spell library was empty.

Dungeon Overview and Level Annotations

Branches:
Dungeon (5/15)
 Temple: D:4-7

Altars:
Gozag

Annotations:
D:4 Edmund


Innate Abilities, Weirdness & Mutations

You are immune to sickness and miasma.
You are immune to poison.
Your flesh is very heat resistant. (rF++)
You are vulnerable to cold. (rC-)
You float through the air rather than walking.
You learn spells naturally, not from books.
Your magical power is your life essence.
You have superior vitality. (+4 MHP)


Message History

The hobgoblin hits the bush but does no damage.
The orc wizard hits the bush with a +0 dagger.
The orc priest hits something with a +1 vorpal flail.
The hobgoblin hits the bush but does no damage.
The orc wizard hits the bush but does no damage.
The orc priest hits the bush but does no damage.
The hobgoblin hits the bush but does no damage.
The orc wizard hits the bush but does no damage.
The orc priest hits the bush but does no damage.
The hobgoblin hits the bush but does no damage.
The hobgoblin hits the bush but does no damage.
The orc wizard hits the bush but does no damage.
The orc priest hits the bush with a +1 vorpal flail!
The hobgoblin hits the bush but does no damage.
The orc wizard hits the bush but does no damage.
Something hits the bush but does no damage. x3
Edmund says, "You wouldn't believe how much I paid for this flail."
Something hits the bush but does no damage.
Something hits the bush but does no damage. x2
Something hits the bush but does no damage. x3
Something hits the bush.
Something hits the bush but does no damage. x2
Something hits the bush!
Something hits the bush but does no damage.
Something hits the bush but does no damage.
Something hits the bush but does no damage.
The orc hits something with a +0 morningstar!
You see here a +0 robe.
Something hits the bush but does no damage.
The orc shouts!
You see here a +0 club.
Edmund clears his throat.
A hound skeleton comes into view.
There is a stone staircase leading down here.
Edmund hits you with a +2 flail of protection.
* * * LOW HITPOINT WARNING * * *
You fly downwards.
The jelly hits you.
* * * LOW HITPOINT WARNING * * *
You are splashed with acid!
You die...

## #. #.#
#.. #..##
#?.@#
#.J.#
?.....#
........#
........#
........#
........#
#####...#


You could see a jelly.

Vanquished Creatures
  Grinder (D:5)
  An ice beast (D:5)
  An ogre (D:4)
  A howler monkey (D:5)
  A gnoll shaman (D:4)
  4 hounds (D:5)
  An iguana (D:5)
  An orc wizard (D:4)
  3 gnolls (D:4)
  2 adders (D:2)
  An adder skeleton (D:4)
  A dart slug (D:2)
  6 orcs
  3 ball pythons
  7 endoplasms
  2 giant cockroaches (D:1)
  6 goblins
  4 hobgoblins
  11 jackals
  4 bats
  2 frilled lizards
  3 kobolds
  8 rats
74 creatures vanquished.

Vanquished Creatures (collateral kills)
  A foxfire (D:4)
1 creature vanquished.

Vanquished Creatures (others)
  308 foxfires
308 creatures vanquished.

Grand Total: 383 creatures vanquished

Notes
Turn   | Place    | Note
-------+----------+-------------------------------------------
     0 | D:1      | 101zpm the Djinni Fire Elementalist began the quest for the
                  | Orb.
     0 | D:1      | Reached XP level 1. HP: 15/15 MP: 0/0
   264 | D:1      | Reached XP level 2. HP: 17/21 MP: 0/0
   889 | D:1      | Reached skill level 3 in Spellcasting
   890 | D:1      | Reached XP level 3. HP: 15/25 MP: 0/0
   890 | D:1      | Learned a level 1 spell: Freeze
  1860 | D:2      | Reached XP level 4. HP: 27/31 MP: 0/0
  2165 | D:3      | Found a faded altar of an unknown god.
  2476 | D:3      | Found an opulent altar of Gozag.
  3075 | D:5      | Entered Level 5 of the Dungeon
  3124 | D:5      | Reached skill level 4 in Spellcasting
  3124 | D:5      | Reached XP level 5. HP: 28/35 MP: 0/0
  3124 | D:5      | Learned a level 2 spell: Poisonous Vapours
  3145 | D:5      | Noticed an ice beast
  3148 | D:5      | Killed an ice beast
  3149 | D:5      | Reached XP level 6. HP: 5/40 MP: 0/0
  3155 | D:5      | Reached skill level 5 in Spellcasting
  3520 | D:4      | Noticed an ogre
  3535 | D:4      | Killed an ogre
  3690 | D:4      | Reached XP level 7. HP: 24/46 MP: 0/0
  3690 | D:4      | Learned a level 3 spell: Confusing Touch
  4076 | D:5      | Noticed Grinder
  4080 | D:5      | Noticed Edmund
  4083 | D:5      | Killed Grinder
  4084 | D:5      | Reached skill level 6 in Spellcasting
  4084 | D:5      | Reached XP level 8. HP: 7/51 MP: 0/0
  4146 | D:5      | Splashed by a jelly's acid

Illustrated notes

Levels and vault maps discovered:
D:1:      minmay_arrival_four_loops, layout_rooms
D:2:      layout_rooms
D:3:      layout_basic, mainiacjoe_overflow_tiny_flanked,
          dreamdust_ecumenical_altar_statues
D:4:      layout_rooms, minmay_hedge_maze
D:5:      layout_basic, minmay_temple_entry_statues_pillars, uniq_grinder,
          uniq_edmund

Skill      XL: |  1  2  3  4  5  6  7 |
---------------+----------------------+-----
Spellcasting   | 3 4 5 6 |  6.5
Stealth        | 2 |  2.2
Fighting       | |  0.5
Dodging        | |  2.7

Action                   |  1- 3 |  4- 6 |  7- 9 || total
-------------------------+-------+-------+-------++-------
Melee: Unarmed           |       |     1 |       ||     1
 Cast: Foxfire           |   105 |    79 |    15 ||   199
       Scorch            |       |    10 |     5 ||    15
       Inner Flame       |       |    13 |    10 ||    23
       Poisonous Vapours |       |     4 |     7 ||    11
Armor: Robe              |     1 |     1 |       ||     2
Dodge: Dodged            |     1 |     8 |     1 ||    10
